 Dungeon Crawl Stone Soup version 0.23.2-33-g5129a83184 (webtiles) character file.

Game seed: 13842864204030445570

256 psyvane the Cutter (level 5, -2/25 HPs)
             Began as a Spriggan Warper on July 14, 2019.
             Killed by divine providence
             ... invoked by an orc priest
              (14 damage)
             ... on level 4 of the Dungeon.
             The game lasted 00:22:32 (7511 turns).

psyvane the Cutter (Spriggan Warper)                Turns: 7511, Time: 00:22:32

Health: -2/25      AC:  2    Str:  7    XL:     5   Next: 92%
Magic:  8/10       EV: 19    Int: 14    God:
Gold:   140        SH:  0    Dex: 19    Spells: 2/9 levels left

rFire    . . .     SeeInvis +   g - +0 dagger
rCold    . . .     Gourm    .   (shield restricted)
rNeg     . . .     Faith    .   b - +0 robe
rPois    .         Spirit   .   (helmet restricted)
rElec    .         Reflect  .   (no cloak)
rCorr    .         Harm     .   (gloves unavailable)
MR       .....                  (boots unavailable)
Stlth    ++++......             (no amulet)
HPRegen  0.08/turn              l - ring of stealth
MPRegen  0.12/turn              o - +2 ring of dexterity

@: very slightly contaminated, very quick
A: very small, unfitting armour, see invisible, herbivore, speed 3, slow
metabolism 2
a: no special abilities


You were on level 4 of the Dungeon.
You were hungry.

You visited 1 branch of the dungeon, and saw 4 of its levels.

You collected 140 gold pieces.

Inventory:

Hand Weapons
 g - a +0 dagger (weapon)
Armour
 b - a +0 robe (worn)
Jewellery
 l - a ring of stealth (left hand)
 o - a +2 ring of dexterity (right hand)
Scrolls
 a - a scroll of teleportation {unknown}
 c - 3 scrolls of magic mapping {unknown}
 d - a scroll of blinking
 e - a scroll of immolation {unknown}
 i - 3 scrolls of amnesia
 k - 2 scrolls of remove curse {unknown}
Potions
 m - a potion of flight {unknown}
Comestibles
 f - 5 rations


   Skills:
 - Level 1.5 Fighting
 * Level 6.0 Short Blades
 - Level 1.0 Throwing
 - Level 3.5 Dodging
 - Level 4.2 Stealth
 - Level 2.6 Spellcasting
 - Level 4.7 Translocations


You had 2 spell levels left.
You knew the following spells:

 Your Spells              Type           Power        Failure   Level  Hunger
a - Blink                 Tloc           N/A          4%          2    ###....
b - Shroud of Golubria    Chrm/Tloc      #.........   13%         2    ###....
c - Gell's Gravitas       Tloc           ###.......   10%         3    ###....

Your spell library contained the following spells:

 Spells                   Type           Power        Failure   Level  Hunger
 Lesser Beckoning         Tloc           ###.......   10%         3    ###....
 Teleport Other           Tloc           ###.....     10%         3    ###....
 Passage of Golubria      Tloc           N/A          32%         4    #####..


Dungeon Overview and Level Annotations

Branches:
Dungeon (4/15)
 Temple: D:4-7

Altars:
Cheibriados
Okawaru


Innate Abilities, Weirdness & Mutations

You are very small and have problems with some larger weapons.
You are too small for most types of armour.
You have supernaturally acute eyesight. (SInv)
You are a herbivore.
You cover ground extremely quickly.
You need to consume almost no food.


Message History

You hit the jackal.
The jackal is almost dead.
The jackal misses you.
The jackal bites you but does no damage.
You closely miss the jackal.
The jackal is almost dead.
Your shroud bends the jackal's attack away.
An orc wizard comes into view. It is wielding a +0 dagger.
The jackal misses you.
Your shroud bends the jackal's attack away.
The jackal misses you.
The orc wizard shouts!
Your shroud unravels.
The orc priest mumbles some strange prayers to Beogh against you.
Pain shoots through your body!
Ouch! That really hurt!
The orc priest invokes the aid of Beogh against you.
Beogh smites you!
Ouch! That really hurt!
You die...

## ...####................ ###..
###..###.........##.##...
.....####.....####.......#...#..#
.....#......o....#..............#
.......##..o.........>....._....#
..............#.................#
<...........h.......##...#...#..#
...<......h.h.......##...##.##.##
..........##..h.@..............#
.........####.......<....#...###
.....#..## #.....###.....#####
....##### ##..### ####### ..###
#### .. . .


You could see an orc priest, an orc wizard and 4 jackals.

Vanquished Creatures
  A hound (D:4)
  6 adders
  7 gnolls
  An ooze (D:3)
  A worm (D:3)
  2 dart slugs
  3 leopard geckos
  3 ball pythons
  9 giant cockroaches
  5 goblins
  15 hobgoblins
  4 jackals
  6 kobolds
  2 quokkas
  7 bats
  4 frilled lizards
  13 rats
89 creatures vanquished.

Notes
Turn   | Place    | Note
-------+----------+-------------------------------------------
     0 | D:1      | psyvane the Spriggan Warper began the quest for the Orb.
     0 | D:1      | Reached XP level 1. HP: 10/10 MP: 5/5
    19 | D:1      | Reached skill level 1 in Stealth
   244 | D:1      | Reached XP level 2. HP: 14/14 MP: 6/6
   248 | D:1      | Learned a level 2 spell: Blink
   251 | D:1      | Learned a level 2 spell: Shroud of Golubria
  1676 | D:2      | Reached XP level 3. HP: 18/18 MP: 8/8
  1902 | D:2      | Learned a level 3 spell: Gell's Gravitas
  2755 | D:2      | Reached skill level 3 in Short Blades
  2897 | D:3      | Reached XP level 4. HP: 18/22 MP: 3/9
  3098 | D:3      | Reached skill level 4 in Short Blades
  3432 | D:4      | Found a snail-covered altar of Cheibriados.
  3806 | D:2      | HP: 1/22 [gnoll/+0 spear (7)]
  4229 | D:2      | Reached XP level 5. HP: 22/25 MP: 6/10
  4910 | D:3      | Reached skill level 5 in Short Blades
  5819 | D:3      | HP: 1/25 [gnoll/+0 halberd (14)]
  6700 | D:4      | Found an iron altar of Okawaru.
  6936 | D:4      | Reached skill level 6 in Short Blades
  7511 | D:4      | Killed from afar by an orc priest

Skill      XL: |  1  2  3  4  5 |
---------------+----------------+-----
Stealth        | 2 4 |  4.2
Short Blades   | 3 4 6 |  6.0
Fighting       | |  1.5
Throwing       | |  1.0
Dodging        | |  3.5
Spellcasting   | |  2.6
Translocations | |  4.7

Action                   |  1- 3 |  4- 6 || total
-------------------------+-------+-------++-------
Melee: Short sword       |    76 |       ||    76
       Dagger            |   147 |   507 ||   654
Throw: Tomahawk          |     3 |     2 ||     5
 Cast: Shroud of Golubri |     8 |    36 ||    44
       Blink             |     6 |     6 ||    12
       Gell's Gravitas   |     3 |       ||     3
  Use: Scroll            |     4 |     2 ||     6
       Potion            |     1 |     3 ||     4
 Stab: Sleeping          |    12 |     8 ||    20
       Distracted        |       |     2 ||     2
  Eat: Ration            |     1 |     4 ||     5
Armor: Robe              |    15 |    34 ||    49
Dodge: Dodged            |   161 |   412 ||   573
